cohdb
Replays
Latest Replays
All Replays
Popular Replays
Top Player Replays
Match Explorer
How It Works
Community
CoH3 Stats
Reddit
Sign in to upload your games and track your stats! →
Sign in with Steam
Match 42862133
Unlisted
Match 42862133
Overview
Messages
Build Orders
End
Construct Barracks
Scout Squad
Scout Squad
Selects Airborne Battlegroup
Selects Smoke Bombing Run
Selects Pathfinders
Construct Weapon Support Center
M1919 Machine Gun Team
M1919 Machine Gun Team
Engineer Squad
Infantry Support Center
Bazooka Squad
Construct Medical Station
Selects Paratrooper Squad Paradrop
M3 Armored Personnel Carrier
Mortar Pit
M3 Armored Personnel Carrier
Selects Anti-tank Gun Team Paradrop
imba ☯
Grand.G
0
0
Comments
sign in to comment!
No comments posted yet!